 Dungeon Crawl Stone Soup version 0.29-a0-982-gaed3a0c8d8 (webtiles) character file.

Game seed: 13630524470955369474

88 MisterAzrael the Magician (level 4, -3/24 HPs)
             Began as a Deep Elf Earth Elementalist on Aug 2, 2022.
             Slain by a lemure (7 damage)
             ... led by Pikel
             ... on level 3 of the Dungeon.
             The game lasted 00:03:55 (2952 turns).

MisterAzrael the Magician (DEEE)                    Turns: 2952, Time: 00:03:56

Health: -3/24      AC:  2    Str:  5    XL:     4   Next: 30%
Magic:  11/12      EV: 12    Int: 28    God:
Gold:   99         SH:  0    Dex: 15    Spells: 7/11 levels left

rFire   . . .      SeeInvis .   (no weapon)
rCold   . . .      Faith    .   (no shield)
rNeg    . . .      Spirit   .   a - +0 robe
rPois   .          Reflect  .   (no helmet)
rElec   .          Harm     .   (no cloak)
rCorr   .          Rampage  .   (no gloves)
Will    .....                   (no boots)
Stlth   +.........              (no amulet)
HPRegen 0.08/turn               f - +6 ring of intelligence
MPRegen 0.13/turn               (no ring)

@: silenced
A: no striking features
a: no special abilities


You were on level 3 of the Dungeon.
You visited 1 branch of the dungeon, and saw 4 of its levels.

You collected 99 gold pieces.

Inventory:

Armour
 a - a +0 robe (worn)
Magical Staves
 h - a staff of poison
Jewellery
 f - a +6 ring of intelligence (left hand)
 q - a +6 ring of strength
Scrolls
 d - a scroll of teleportation {unknown}
 g - 2 scrolls of enchant armour {unknown}
 j - a scroll of magic mapping {unknown}
 l - 2 scrolls of blinking {unknown}
 m - a scroll of immolation {unknown}
 o - 3 scrolls of identify {unknown}
Potions
 b - a potion of magic
 c - a potion of mutation {unknown}
 i - 2 potions of curing
 k - 2 potions of degeneration {unknown}
 n - a potion of berserk rage {unknown}
 p - a potion of lignification {unknown}


   Skills:
 - Level 2.6 Dodging
 - Level 2.7 Stealth
 + Level 4.0 Spellcasting
 * Level 2.0 Conjurations
 - Level 1.9 Transmutations
 + Level 4.0 Earth Magic


You had 7 spell levels left.
You knew the following spells:

 Your Spells              Type           Power      Damage    Failure   Level
a - Sandblast             Erth           56%        2d13      1%          1
b - Stone Arrow           Conj/Erth      44%        3d9       6%          3

Your spell library contained the following spells:

 Spells                   Type           Power      Damage    Failure   Level
 Passwall                 Tmut/Erth      18%        N/A       3%          2
 Ignite Poison            Fire/Tmut/Pois 9%         N/A       17%         3
 Mephitic Cloud           Conj/Pois/Air  9%         N/A       17%         3
 Petrify                  Tmut/Erth      22%        N/A       22%         4
 Freezing Cloud           Conj/Ice/Air   4%         6-21      83%         5


Dungeon Overview and Level Annotations

Branches:
Dungeon (4/15)
 Temple: D:4-7

Altars:
Makhleb
The Shining One

Annotations:
D:4 Pikel


Message History

There is an open door here.
There is an open door here.
There is an open door here.
You see here 3 stones.
There is a large open door here.
Done exploring.
Done exploring.
(D) Dungeon
Where to? (Enter - D:3, ? - help)
What level of the Dungeon? (default 1, ? - help)
There is a large open door here.
You see here 3 stones.
There is a stone staircase leading down here.
You climb downwards.
The adder hisses angrily.
You hear a shout! x2; Pikel shouts!
Found 2 sapphire potions.
Found an escape hatch in the floor.
There is a stone staircase leading up here.
There are monsters nearby!
The blast of sand hits the lemure!
The lemure is heavily wounded.
A lemure comes into view.
The blast of sand hits the lemure.
The lemure is severely wounded.
The lemure closely misses you.
Pikel says, "You'll feel the lick of my whip!"
The adder bites you.
You are poisoned.
The adder poisons you! The lemure barely misses you.
A lemure comes into view.
You feel sick. The adder bites you. The lemure hits you!
You climb upwards.
You feel sick.
There is a stone staircase leading down here.
Okay, then.
It was a potion of curing.
You feel better. The adder bites you. The lemure hits you!
* * * LOW HITPOINT WARNING * * *
As you read the scroll labelled MUYSOU YHYGH, it crumbles to dust.
A profound silence engulfs you.
It was a scroll of silence.
The adder bites you but does no damage. x2; The lemure hits you!
You die...

......######....# #.# #.#
..)...'.........# #.# #.#
......#######.#.##########.###.#
......# ##...........(.#...[.#
......# #.....########.#######
......# #...........##.# #######
#........##.##[#
####.5S#.##.##.#
###########....@#.##.##.#
#........##.#.###.##.##.#
#........##.#.# #...†.#.#
#.........#.#.# #######.#
#.........#.#.###.......#
##.........#.#...........#
...........#.#####.#####.#
.....#####.#.# #.#.....# .).[.#
#.#.# #.#.###.#


You could see a lemure and an adder.

Vanquished Creatures
  2 adders
  2 dart slugs
  An orc (D:3)
  5 bats
  9 endoplasms
  4 goblins
  6 hobgoblins
  6 jackals (D:2)
  3 quokkas
  6 ball pythons
  2 frilled lizards (D:2)
  9 kobolds
  4 rats
59 creatures vanquished.

Notes
Turn   | Place    | Note
-------+----------+-------------------------------------------
     0 | D:1      | MisterAzrael the Deep Elf Earth Elementalist began the
                  | quest for the Orb.
     0 | D:1      | Reached XP level 1. HP: 10/10 MP: 6/6
   161 | D:1      | Reached XP level 2. HP: 15/15 MP: 6/8
   673 | D:1      | Found a faded altar of an unknown god.
   680 | D:1      | You fall into a shaft and drop 1 floor!
   803 | D:2      | Reached XP level 3. HP: 19/19 MP: 8/10
   807 | D:2      | Learned a level 3 spell: Stone Arrow
  1137 | D:2      | Reached skill level 1 in Conjurations
  1937 | D:3      | Reached XP level 4. HP: 24/24 MP: 9/11
  2208 | D:3      | Identified the +1 leather armour "Hekieb" {rPois rC+}
  2525 | D:3      | Found a burning altar of Makhleb.
  2525 | D:3      | Found a glowing golden altar of the Shining One.
  2946 | D:4      | Noticed Pikel
  2946 | D:4      | Noticed a lemure
  2947 | D:4      | Noticed a lemure
  2948 | D:4      | Noticed a lemure
  2952 | D:3      | Slain by a lemure

Illustrated notes

Levels and vault maps discovered:
D:1:      psy_arrival_dodecagon, layout_rooms,
          chequers_ecumenical_altar_simple_redux
D:2:      layout_basic
D:3:      layout_basic, gammafunk_temple_overflow_wave
D:4:      layout_cave_pools, general_overflow_altar,
          mainiacjoe_overflow_catwalk, minmay_temple_entry_slanted, uniq_pikel

Skill      XL: |  1  2  3  4 |
---------------+-------------+-----
Conjurations   | 1 2 |  2.0
Spellcasting   | 4 |  4.0
Earth Magic    | 4 |  4.0
Dodging        | |  2.6
Stealth        | |  2.7
Transmutations | |  1.9

Action                   |  1- 3 |  4- 6 || total
-------------------------+-------+-------++-------
Melee: Unarmed           |     1 |       ||     1
 Cast: Sandblast         |    61 |    16 ||    77
  Use: Scroll            |       |     1 ||     1
       Potion            |       |     1 ||     1
Armor: Robe              |     5 |     2 ||     7
Dodge: Dodged            |    23 |     4 ||    27

Table legend: (Time is in decaauts)
 A = Elapsed time spent in this place.
 B = Non-inter-level travel time spent in this place.
 C = Inter-level travel time spent in this place.
 D = Time resting spent in this place.
 E = Time spent auto-exploring this place.
 F = Levels seen in this place.
 G = Mean time per level.
                   A        B        C        D        E       F      G
               +--------+--------+--------+--------+--------+-----+--------+
         Total |   3028 |   2917 |    111 |    233 |   2289 |   4 |  757.0 |
       Dungeon |   3028 |   2917 |    111 |    233 |   2289 |   4 |  757.0 |
               +--------+--------+--------+--------+--------+-----+--------+

Top non-repeatable levels by time:
     D:3: 1233 daAuts
     D:2: 1082 daAuts
     D:1: 707 daAuts
     D:4: 5 daAuts
